 Dungeon Crawl Stone Soup version 0.29-a0-271-gd4eb659eea (webtiles) character file.

Game seed: 17818615318063293997

435 spaghetti the Bolt Thrower (level 7, -4/67 HPs)
             Began as an Octopode Hunter on Mar 8, 2022.
             Was an Initiate of Yredelemnul.
             Slain by a gnoll
             ... wielding a +0 whip
              (7 damage)
             ... on level 5 of the Dungeon.
             The game lasted 00:06:03 (3980 turns).

spaghetti the Bolt Thrower (Octopode Hunter)        Turns: 3980, Time: 00:06:03

Health: -4/67      AC: 23    Str: 12    XL:     7   Next: 0%
Magic:  12/12      EV:  2    Int: 15    God:    Yredelemnul [......]
Gold:   23         SH:  0    Dex: 12    Spells: 13/13 levels left

rFire   . . .      SeeInvis .   b - +1 hand crossbow (elec) {crossbow}
rCold   . . .      Faith    +   (no shield)
rNeg    . . .      Spirit   .   (helmet currently unavailable)
rPois   +          Reflect  .   t - amulet of faith {!P}
rElec   .          Harm     .   (no ring)
rCorr   .          Rampage  .   (no ring)
Will    .....      NoTele   +   (no ring)
Stlth   ++........              (no ring)
HPRegen 0.21/turn               (no ring)
MPRegen 0.13/turn               (no ring)
                                (no ring)
                                (no ring)

@: tree-form
A: stationary, stasis, torment immunity, boosted hp, almost no armour,
(amphibious), 8 rings, (camouflage 1), (gelatinous body 1), (nimble swimmer 1),
(tentacles)
a: Renounce Religion, Recall Undead Harvest


You were on level 5 of the Dungeon.
You worshipped Yredelemnul.
Yredelemnul was noncommittal.
You were a tree.
You visited 1 branch of the dungeon, and saw 5 of its levels.

You collected 231 gold pieces.
You spent 208 gold pieces at shops.


Innate Abilities, Weirdness & Mutations

You are a tree.
Your roots penetrate the ground, keeping you stationary.
You cannot be teleported.
You are immune to unholy pain and torment.
Your maximum health is greatly increased.
You cannot wear most types of armour.
((You are amphibious.))
You can wear up to eight rings at the same time.
((Your skin changes colour to match your surroundings (Stealth+).))
((Your rubbery body absorbs attacks. (AC +1, EV +1)))
((You are camouflaged when in or above water. (Stealth+)))
((You have tentacles for arms and can constrict up to eight enemies at once.))


   Skills:
 - Level 2.3 Fighting
 + Level 5.3 Crossbows
 - Level 2.3 Dodging
 - Level 2.1 Stealth
 + Level 3.5 Spellcasting
 + Level 3.9 Invocations


You had 13 spell levels left.
You didn't know any spells.
Your spell library contained the following spells:

 Spells                   Type           Power      Damage    Failure   Level
 Gell's Gravitas          Tloc           2%         N/A       50%         3
 Lesser Beckoning         Tloc           2%         N/A       50%         3
 Ozocubu's Armour         Ice            2%         N/A       50%         3
 Teleport Other           Tloc           2%         N/A       50%         3
 Metabolic Englaciation   Hex/Ice        1%         N/A       99%         5
 Simulacrum               Ice/Necr       1%         N/A       100%        6

Inventory:

Hand Weapons
 a - a +2 mace of protection {mace}
   (You found it on level 2 of the Dungeon)
 b - a +1 hand crossbow of electrocution (weapon) {crossbow}
 m - a +0 trident of pain {polearm}
   (You found it on level 2 of the Dungeon)
Missiles
 c - 82 stones {throwing}
 o - 4 boomerangs of dispersal {=f!fthrowing}
Magical Staves
 j - a staff of earth {!astaff}
   (You found it on level 1 of the Dungeon)
Jewellery
 t - an amulet of faith (around neck) {!P}
   (You found it on level 3 of the Dungeon)
Wands
 q - a wand of polymorph (12)
   (You found it on level 2 of the Dungeon)
 x - a wand of acid (10)
   (You found it on level 4 of the Dungeon)
Scrolls
 e - 2 scrolls of blinking {!r}
 f - a scroll of enchant weapon
 h - a scroll of teleportation {@r4}
 l - 2 scrolls of immolation {!r!r}
 p - 4 scrolls of fog
 s - a scroll of magic mapping {!r}
 u - 2 scrolls of brand weapon
 y - a scroll of amnesia {unknown}
Potions
 d - a potion of haste {unknown}
 g - a potion of degeneration {unknown}
 i - a potion of attraction {unknown}
 k - 2 potions of curing {@q1}
 n - a potion of invisibility {unknown}
 w - a potion of might

Dungeon Overview and Level Annotations

Branches:
Dungeon (5/15)             Temple (0/1) D:4

Altars:
Ashenzari
Elyvilon
Okawaru
Ru
Uskayaw
Xom
Yredelemnul

Shops:
D:1 ( D:5

( ..#.##.#g.#
#.#.#.##..#######
..#...[....)....)..
#.#.#Y#............
#.#.#.#.#h###.######.
#......g......######.#
##.#.gg..............
#.##.g##.##.######.#
.#######.##..♣.....#
...................#
########...........#
####...##...>.##
#......##.....##
#.#.#..####.#..#
#..#...8.∩.<.8.#
#.#.#..#########
#......#


You could see a sky beast, a gnoll sergeant and 3 gnolls.


Message History

Press: ? - help, Q - select action, (/) - cycle Shift-Dir - straight line You shoot a bolt.
The gnoll shouts!
The bolt hits the iguana but does no damage.
The iguana bites you but does no damage.
A gnoll comes into view. It is wielding a +0 whip.
The gnoll sergeant hits you but does no damage.
The iguana bites you.
* * * LOW HITPOINT WARNING * * *
😨 HP[-2]
You take 2 damage, and now have 19/58 hp.
Shoot: b) +1 hand crossbow (elec) {crossbow}
Press: ? - help, Q - select action, (/) - cycle Shift-Dir - straight line, f - gnoll sergeant
Aim: a gnoll sergeant, wielding a +0 vampiric trident, wearing a +0 scale mail and wearing a +0 kite shield (73% to hit)
You shoot a bolt. The gnoll shouts!
The bolt hits the iguana.
Lightning courses through the iguana!
You kill the iguana!
You hear a shout!
The gnoll sergeant hits you but does no damage.
A gnoll comes into view. It is wielding a +0 spear.
You have reached level 7! 😨 HP[+4] MP[+1]
You now have 67 max hp (+9).
You regained 4 hp, and now have 23/67 hp.
Your mp is fully restored (12).
Shoot: b) +1 hand crossbow (elec) {crossbow}
Press: ? - help, Q - select action, (/) - cycle Shift-Dir - straight line, p - gnoll sergeant You shoot a bolt.
The bolt completely misses the gnoll sergeant.
The gnoll shouts!
The gnoll sergeant hits you from afar with a +0 vampiric trident!
* * * LOW HITPOINT WARNING * * *
A gnoll comes into view. It is wielding a +0 whip. 😱 HP[-9]
You take 9 damage, and now have 14/67 hp.
Shoot: b) +1 hand crossbow (elec) {crossbow}
Press: ? - help, Q - select action, (/) - cycle Shift-Dir - straight line You shoot a bolt.
The bolt barely misses the gnoll sergeant.
The gnoll sergeant hits you from afar with a +0 vampiric trident.
* * * LOW HITPOINT WARNING * * *
😱 HP[-2]
You take 2 damage, and now have 12/67 hp.
Shoot: b) +1 hand crossbow (elec) {crossbow}
Press: ? - help, Q - select action, (/) - cycle Shift-Dir - straight line You shoot a bolt.
The gnoll sergeant blocks the bolt.
The gnoll sergeant hits you from afar with a +0 vampiric trident.
* * * LOW HITPOINT WARNING * * *
😱 HP[-2]
You take 2 damage, and now have 10/67 hp.
Shoot: b) +1 hand crossbow (elec) {crossbow}
Press: ? - help, Q - select action, (/) - cycle Shift-Dir - straight line, f - gnoll
Aim: a gnoll, wielding a +0 whip (66% to hit)
You shoot a bolt. The bolt hits the gnoll sergeant.
Lightning courses through the gnoll sergeant!
The gnoll sergeant barely misses you.
The gnoll sergeant hits you from afar with a +0 vampiric trident.
* * * LOW HITPOINT WARNING * * *
The gnoll sergeant draws strength from your wounds! 😱 HP[-5]
You take 5 damage, and now have 5/67 hp.
You feel much better. The gnoll hits you with a +0 whip.
* * * LOW HITPOINT WARNING * * *
The gnoll sergeant hits you but does no damage. 😨 HP[+14]
You regained 14 hp, and now have 19/67 hp.
Shoot: b) +1 hand crossbow (elec) {crossbow}
Press: ? - help, Q - select action, (/) - cycle Shift-Dir - straight line, f - hound, p - gnoll
Aim: a hound (53% to hit)
You shoot a bolt. The bolt completely misses the gnoll.
The bolt hits the gnoll sergeant but does no damage.
The gnoll hits you but does no damage.
The gnoll sergeant hits you but does no damage.
A sky beast comes into view.
Shoot: b) +1 hand crossbow (elec) {crossbow}
Press: ? - help, Q - select action, (/) - cycle Shift-Dir - straight line, f - gnoll
Aim: a gnoll, wielding a +0 spear (66% to hit)
You shoot a bolt. The bolt hits the gnoll.
The gnoll hits you with a +0 whip.
* * * LOW HITPOINT WARNING * * *
The gnoll sergeant hits you from afar with a +0 vampiric trident.
* * * LOW HITPOINT WARNING * * *
The gnoll sergeant draws strength from your wounds! 😱 HP[-9]
You take 9 damage, and now have 10/67 hp.
Shoot: b) +1 hand crossbow (elec) {crossbow}
Press: ? - help, Q - select action, (/) - cycle Shift-Dir - straight line, p - gnoll You shoot a bolt.
The bolt barely misses the gnoll.
The gnoll sergeant blocks the bolt.
The gnoll hits you but does no damage. x2
The gnoll sergeant hits you but does no damage.
The gnoll hits you from afar with a +0 spear.
* * * LOW HITPOINT WARNING * * *
The gnoll sergeant hits you from afar with a +0 vampiric trident.
* * * LOW HITPOINT WARNING * * *
The gnoll sergeant draws strength from your wounds!
The gnoll hits you with a +0 whip!
You die...
Your body rises from the dead as a mindless zombie.

Skill      XL: |  1  2  3  4  5  6 |
---------------+-------------------+-----
Stealth        | 2 |  2.1
Spellcasting   | 1 2 3 |  3.5
Invocations    | 1 2 3 |  3.9
Crossbows      | 5 |  5.3
Fighting       | |  2.3
Dodging        | |  2.3

Action                   |  1- 3 |  4- 6 |  7- 9 || total
-------------------------+-------+-------+-------++-------
 Fire: Hand crossbow     |    66 |   119 |     7 ||   192
  Use: Scroll            |     3 |     4 |       ||     7
       Potion            |       |     3 |     1 ||     4
Armor: Skin              |     1 |     7 |     6 ||    14
Dodge: Dodged            |    23 |    24 |     1 ||    48

Levels and vault maps discovered:
D:1:      dpeg_arrival_houses_and_road, layout_basic, serial_shops,
          nicolae_shop_window_shopping, shapermc_ecumenical_altar_venn
D:2:      layout_basic, minmay_misc_feat_more_columns
D:3:      layout_basic, mainiacjoe_overflow_boulevard, lemuel_round_altar,
          okawaru_ov_weapons_minmay, uniq_jessica
D:4:      layout_rooms, lemuel_doored_altar, xom_redecorated,
          mainiacjoe_overflow_tiny_flanked,
          mainiacjoe_overflow_concentric_impassable, temple_pool_b,
          serial_bayou_pond_e
D:5:      layout_loops_ring, lemuel_crystal_altar, serial_shops, shop_statue,
          minmay_misc_feat_encased, kennysheep_generic_room_3, uniq_edmund,
          uniq_menkaure, uniq_blork_the_orc

Notes
Turn   | Place    | Note
-------+----------+-------------------------------------------
     0 | D:1      | spaghetti the Octopode Hunter began the quest for the Orb.
     0 | D:1      | Reached XP level 1. HP: 14/14 MP: 1/1
     0 | D:1      | magus.rc [v1.9.6]
    94 | D:1      | Reached XP level 2. HP: 19/19 MP: 2/2
   104 | D:1      | Reached skill level 2 in Stealth
   108 | D:1      | You pick up a book of Displacement and begin reading...
   108 | D:1      | You add the spells Lesser Beckoning, Gell's Gravitas and
                  | Teleport Other to your library.
   112 | D:1      | Found a faded altar of an unknown god.
   129 | D:1      | Prayed at the altar of an unknown god.
   129 | D:1      | Became a worshipper of Yredelemnul the Dark
   129 | D:1      | Reached * piety under Yredelemnul
   242 | D:1      | Reached ** piety under Yredelemnul
   262 | D:1      | Reached XP level 3. HP: 22/24 MP: 2/4
   340 | D:1      | Found Neutreat's Antique Weapon Shoppe.
   347 | D:1      | Reached skill level 1 in Spellcasting
  1065 | D:2      | Reached skill level 1 in Invocations
  1078 | D:2      | Reached XP level 4. HP: 11/29 MP: 6/6
  2130 | D:3      | Reached skill level 2 in Spellcasting
  2300 | D:3      | Reached skill level 2 in Invocations
  2307 | D:3      | Reached XP level 5. HP: 26/34 MP: 8/8
  2508 | D:3      | Found a sacrificial altar of Ru.
  2542 | D:3      | Noticed Jessica
  2543 | D:3      | Killed Jessica
  2558 | D:3      | Found a white marble altar of Elyvilon.
  2588 | D:3      | Found an iron altar of Okawaru.
  2606 | D:3      | HP: 7/34 [poisoned by an adder]
  3190 | D:4      | Found a staircase to the Ecumenical Temple.
  3389 | D:4      | Found a shimmering altar of Xom.
  3413 | D:4      | Found a shimmering altar of Xom.
  3431 | D:4      | You pick up a book of Winter and begin reading...
  3431 | D:4      | You add the spells Ozocubu's Armour, Metabolic Englaciation
                  | and Simulacrum to your library.
  3445 | D:4      | Reached skill level 3 in Spellcasting
  3445 | D:4      | Reached skill level 3 in Invocations
  3445 | D:4      | Reached XP level 6. HP: 39/39 MP: 10/10
  3471 | D:4      | Found a basalt altar of Yredelemnul.
  3578 | D:4      | Found a broken altar of Ashenzari.
  3616 | D:4      | Found a hide-covered altar of Uskayaw.
  3643 | D:4      | Reached skill level 5 in Crossbows
  3731 | D:5      | Entered Level 5 of the Dungeon
  3909 | D:5      | Found Sucucreg's Antique Weapon Shop.
  3934 | D:5      | Bought a twisted spear for 208 gold pieces
  3934 | D:5      | Identified the +4 spear "Onoos" {holy, Will+ Str+3} (You
                  | bought it in a shop on level 5 of the Dungeon)
  3965 | D:5      | HP: 6/39 [iguana (11)]
  3973 | D:5      | Reached XP level 7. HP: 23/45 MP: 12/12
  3973 | D:5      | HP: 14/67 [gnoll sergeant/+0 vampiric trident (9)]
  3976 | D:5      | HP: 5/67 [gnoll sergeant/+0 vampiric trident (6)]
  3980 | D:5      | Slain by a gnoll

Vanquished Creatures
  A necrophage (D:4)
  A scorpion (D:4)
  A hound (D:3)
  Jessica (D:3)
  3 iguanas
  4 gnolls
  4 adders
  A white imp (D:5)
  An iguana zombie (D:4)
  4 orcs (D:3)
  4 endoplasms
  5 giant cockroaches
  3 goblins
  3 hobgoblins
  4 quokkas
  6 ball pythons
  5 bats
  2 frilled lizards (D:1)
  3 kobolds
  3 rats
59 creatures vanquished.

Vanquished Creatures (collateral kills)
  2 adders (D:2)
  2 dart slugs
  An orc (D:3)
  A ball python (D:1)
  4 endoplasms
  A giant cockroach (D:4)
  A goblin (D:4)
  2 hobgoblins (D:1)
  2 jackals (D:4)
  2 bats (D:1)
  A frilled lizard (D:1)
  A kobold (D:4)
20 creatures vanquished.

Vanquished Creatures (others)
  2 adder zombies (D:4)
  3 bat zombies
  3 ball python zombies
  A dart slug zombie (D:4)
  2 gnoll zombies
  A goblin zombie (D:3)
  A hobgoblin zombie (D:4)
  2 kobold zombies
  3 orc zombies (D:3)
  A rat zombie (D:2)
  2 spectral endoplasms (D:4)
  A fungus (D:3)
  3 plants (D:4)
25 creatures vanquished.

Grand Total: 104 creatures vanquished

Table legend:
 A = Non-vault XP
 B = Vault XP
 C = Vault XP percentage of total XP
 D = Non-vault monster count
 E = Vault monster count
 F = Vault count percentage of total count
                 A         B        C        D         E       F
            +---------+---------+-------+---------+---------+-------
      Total |     585 |      37 |   5.9 |      77 |       1 |   1.3
            +---------+---------+-------+---------+---------+-------
        D:1 |      46 |       0 |   0.0 |      25 |       0 |   0.0
        D:2 |      49 |       0 |   0.0 |      10 |       0 |   0.0
        D:3 |     126 |      37 |  22.7 |      17 |       1 |   5.6
        D:4 |     266 |       0 |   0.0 |      21 |       0 |   0.0
        D:5 |      98 |       0 |   0.0 |       4 |       0 |   0.0
            +---------+---------+-------+---------+---------+-------

Illustrated notes

Table legend:
 A = Kills in this place as a percentage of kills in entire the game.
 B = Kills by you in this place as a percentage of kills by you in the entire game.
 C = Kills by friends in this place as a percentage of kills by friends in the entire game.
 D = Other kills in this place as a percentage of other kills in the entire game.
 E = Experience gained in this place as a percentage of experience gained in the entire game.
 F = Experience gained in this place divided by the number of levels of this place that you have seen.
                   A       B       C       D       E      F
               +-------+-------+-------+-------+-------+----------------------
         Total | 100.0 | 100.0 | 100.0 |   N/A | 100.0 | 124.4
       Dungeon | 100.0 | 100.0 | 100.0 |   N/A | 100.0 | 124.4
               +-------+-------+-------+-------+-------+----------------------

Table legend: (Time is in decaauts)
 A = Elapsed time spent in this place.
 B = Non-inter-level travel time spent in this place.
 C = Inter-level travel time spent in this place.
 D = Time resting spent in this place.
 E = Time spent auto-exploring this place.
 F = Levels seen in this place.
 G = Mean time per level.
                   A        B        C        D        E       F      G
               +--------+--------+--------+--------+--------+-----+--------+
         Total |   4031 |   3864 |    167 |    810 |   2544 |   5 |  806.2 |
       Dungeon |   4031 |   3864 |    167 |    810 |   2544 |   5 |  806.2 |
               +--------+--------+--------+--------+--------+-----+--------+

Top non-repeatable levels by time:
     D:2: 1294 daAuts
     D:3: 1190 daAuts
     D:1: 733 daAuts
     D:4: 557 daAuts
     D:5: 255 daAuts
